 Dungeon Crawl Stone Soup version 0.29.0-11-gd7f09526c8 (webtiles) character file.

Game seed: 5060941040500023911

34 Tiocfaidh the Trooper (level 3, -2/41 HPs)
             Began as an Ogre Abyssal Knight on Sept 3, 2022.
             Was a Priest of Lugonu.
             Slain by an adder (3 damage)
             ... on level 2 of the Dungeon.
             The game lasted 00:05:38 (909 turns).

Tiocfaidh the Trooper (Ogre Abyssal Knight)          Turns: 909, Time: 00:05:39

Health: -2/41      AC:  3    Str: 18    XL:     3   Next: 31%
Magic:  13/13      EV: 10    Int: 15    God:    Lugonu [***...]
Gold:   39         SH:  0    Dex:  8    Spells: 2/2 levels left

rFire   . . .      SeeInvis .   g - +0 war axe
rCold   + . .      Faith    .   (no shield)
rNeg    . . .      Spirit   .   b - +0 robe
rPois   .          Reflect  .   (helmet restricted)
rElec   .          Harm     .   (no cloak)
rCorr   .          Rampage  .   (gloves unavailable)
Will    .....                   (boots unavailable)
Stlth   +.........              (no amulet)
HPRegen 0.13/turn               h - ring of magical power
MPRegen 0.13/turn               (no ring)

@: brilliant, hasted, very quick
A: large, unfitting armour, tough skin 1, clever 1, cold resistance 1, screaming
1, noise suppression
a: Renounce Religion, Depart the Abyss, Bend Space, Banish


You were on level 2 of the Dungeon.
You worshipped Lugonu.
Lugonu was most pleased with you.
You visited 1 branch of the dungeon, and saw 2 of its levels.
You visited the Abyss 1 time.

You collected 39 gold pieces.

Inventory:

Hand Weapons
 a - a +1 hand axe
 g - a +0 war axe (weapon)
Armour
 b - a +0 robe (worn)
Jewellery
 h - a ring of magical power (left hand)
Scrolls
 c - 2 scrolls of identify {unknown}
 e - a scroll of teleportation {unknown}
 f - a scroll of enchant armour {unknown}
 i - a scroll of magic mapping {unknown}
Potions
 l - a potion of degeneration {unknown}


   Skills:
 + Level 4.9 Fighting
 + Level 2.5 Axes
 + Level 2.4 Dodging
 + Level 2.1 Invocations


You had 2 spell levels left.
You didn't know any spells.
Your spell library contained the following spells:

 Spells                   Type           Power      Damage    Failure   Level
 Shock                    Conj/Air       0%         1d3       26%         1
 Swiftness                Air            0%         N/A       63%         3
 Airstrike                Air            0%         2d(0-16)  95%         4


Dungeon Overview and Level Annotations

Branches:
Dungeon (2/15)

Altars:


Innate Abilities, Weirdness & Mutations

You are too large for most types of armour.
You have tough skin. (AC +1)
Your mind is acute. (Int +4, Str/Dex -1)
Your flesh is cold resistant. (rC+)
You occasionally shout uncontrollably at your foes.
You passively dampen the noise of your surroundings.


Message History

The adder poisons you! The adder bites you.
You closely miss the adder.
You feel very sick. The adder completely misses you.
The adder barely misses you.
You completely miss the adder.
You feel very sick. The adder barely misses you. The adder misses you.
You closely miss the adder.
You feel very sick. The adder misses you.
You miss the adder.
You feel sick. The adder barely misses you. The adder completely misses you.
You miss the adder.
You feel sick. The adder misses you. The adder bites you.
* * * LOW HITPOINT WARNING * * *
You hit the adder.
The adder is heavily wounded.
You feel sick. The adder bites you.
* * * LOW HITPOINT WARNING * * *
The adder barely misses you.
It was a potion of mutation.
You feel extremely strange.
You feel the urge to shout.
You feel your surroundings grow quieter.
You feel resistant to cold.
You feel clever.
* * * LOW HITPOINT WARNING * * *
You feel sick. The adder bites you but does no damage.
It was a potion of brilliance.
You feel clever all of a sudden.
* * * LOW HITPOINT WARNING * * *
You feel sick.
You are no longer poisoned.
The adder misses you.
It was a potion of haste.
You feel yourself speed up. The adder barely misses you.
The adder bites you but does no damage.
You closely miss the adder.
The adder is heavily wounded.
The adder misses you.
You hit the adder.
The adder is heavily wounded.
The adder bites you.
You die...

.##......# ###......#
#......#
###†.[...#################
..'......'.).............#
###....[.##############.##
........<.#......... #.#
#########.#.########.##.#
#######.#.##..@S...##†#
[.........##.########.##
#######.#....#.........#
#...........#.######
#.#.#.#..........
#.#.#.#######.### # #.#..
#.# #.###. #.# #.# .# #.#


You could see an adder.

Vanquished Creatures
  2 ball pythons
  2 bats
  4 endoplasms (D:1)
  2 giant cockroaches (D:1)
  6 goblins (D:1)
  3 hobgoblins
  2 quokkas (D:1)
  2 frilled lizards (D:1)
  3 kobolds (D:1)
  2 rats (D:1)
28 creatures vanquished.

Vanquished Creatures (others)
  A fungus (D:1)
1 creature vanquished.

Grand Total: 29 creatures vanquished

Notes
Turn   | Place    | Note
-------+----------+-------------------------------------------
     0 | Abyss:1  | Tiocfaidh the Ogre Abyssal Knight began the quest for the
                  | Orb.
     0 | Abyss:1  | Reached XP level 1. HP: 24/24 MP: 2/2
    16 | D:1      | Escaped the Abyss
   127 | D:1      | Reached XP level 2. HP: 23/33 MP: 3/3
   418 | D:1      | Reached *** piety under Lugonu
   422 | D:1      | Reached XP level 3. HP: 40/40 MP: 3/4
   904 | D:2      | HP: 2/41 [adder (2)]
   905 | D:2      | Gained mutation: You occasionally shout uncontrollably at
                  | your foes. [potion of mutation]
   905 | D:2      | Gained mutation: You passively dampen the noise of your
                  | surroundings. [potion of mutation]
   905 | D:2      | Gained mutation: Your flesh is cold resistant. (rC+)
                  | [potion of mutation]
   905 | D:2      | Gained mutation: Your mind is acute. (Int +4, Str/Dex -1)
                  | [potion of mutation]
   909 | D:2      | Slain by an adder

Illustrated notes

Levels and vault maps discovered:
D:1:      onia_arrival_mini_maze_b, layout_rooms, minmay_heptomino_w4
D:2:      layout_basic

Action                   || total
-------------------------++-------
Melee: Hand axe          ||    39
       War axe           ||    50
  Use: Potion            ||     3
Armor: Robe              ||    37
Dodge: Dodged            ||    54
